 Dungeon Crawl Stone Soup version 0.18.1-5-g4a78601 (webtiles) character file.

4993 barb4r1an the Zephyrmancer (level 10, 0/50 HPs)
             Began as a High Elf Air Elementalist on May 12, 2016.
             Was a Follower of Sif Muna.
             Slain by a yak (4 damage)
             ... on level 9 of the Dungeon.
             The game lasted 00:25:29 (11352 turns).

barb4r1an the Zephyrmancer (HEAE)                  Turns: 11352, Time: 00:25:30

Health: 0/50       AC:  3    Str:  5    XL:     10   Next: 29%
Magic:  4/24       EV: 19    Int: 27    God:    Sif Muna [*.....]
Gold:   324        SH:  0    Dex: 19    Spells: 4 memorised, 17 levels left

rFire  . . .     SeeInvis +     D - +7 mace of the Pits of Slime {crush, +Blink Int+4}
rCold  . . .     Gourm    .     T - +0 robe "Qeonuj" {+Blink rN+ Dex+5}
rNeg   + . .     Faith    .     (no shield)
rPois  .         Spirit   .     (no helmet)
rElec  .         Dismiss  .     (no cloak)
rCorr  .         Reflect  .     h - +0 pair of gloves
SustAt .         Harm     .     (no boots)
MR     +....                    q - amulet of magic regeneration
Stlth  ++........               (no ring)
                                (no ring)

@: lethally poisoned (0 -> -2), repel missiles, somewhat resistant to hostile
enchantments, unstealthy
A: repulsion field 1, see invisible, clumsy 1, frail 1, weak 1
a: Channel Energy, Renounce Religion, Evoke Blink


You were on level 9 of the Dungeon.
You worshipped Sif Muna.
Sif Muna was aware of your devotion.
You were not hungry.

You visited 2 branches of the dungeon, and saw 10 of its levels.

You collected 506 gold pieces.
You spent 182 gold pieces at shops.

Inventory:

Hand Weapons
 e - a +2 falchion of protection
 D - the +7 mace of the Pits of Slime (weapon) {crush, +Blink Int+4}
   (You found it on level 5 of the Dungeon)

   It inflicts extra damage upon your enemies.
   It affects your intelligence (+4).
   It lets you blink.
Armour
 h - a +0 pair of gloves (worn)
 B - the +2 leather armour of Mibe Pae {rC- Int+7}
   (You found it on level 6 of the Dungeon)

   It affects your intelligence (+7).
   It makes you vulnerable to cold.
 T - the +0 robe "Qeonuj" (worn) {+Blink rN+ Dex+5}
   (You bought it in a shop on level 8 of the Dungeon)

   It affects your dexterity (+5).
   It protects you from negative energy.
   It lets you blink.
Jewellery
 q - an amulet of magic regeneration (around neck)
Wands
 E - a wand of random effects (19/48)
 L - a wand of disintegration (13/24)
 M - a wand of teleportation (3/9)
 R - a wand of heal wounds (8/9)
Scrolls
 d - 4 scrolls of remove curse
 f - 4 scrolls of enchant weapon {unknown}
 m - a scroll of fog {unknown}
 p - 2 scrolls of magic mapping {unknown}
 r - 2 scrolls of noise {unknown}
 x - a scroll of blinking {unknown}
 y - a scroll of random uselessness {unknown}
 C - a scroll of brand weapon {unknown}
 H - a scroll of recharging {unknown}
 J - a scroll of teleportation {unknown}
 O - 3 scrolls of amnesia {unknown}
 Q - a scroll of immolation {unknown}
Potions
 a - a potion of magic {unknown}
 c - 2 potions of flight
 g - 10 potions of curing
 i - 2 potions of lignification
 j - a potion of brilliance {unknown}
 k - a potion of haste {unknown}
 l - a potion of cure mutation {unknown}
 s - a potion of heal wounds {unknown}
 u - a potion of might {unknown}
 v - 2 potions of invisibility
 w - a potion of berserk rage {unknown}
 F - a potion of beneficial mutation {unknown}
 G - a potion of ambrosia {unknown}
 K - a potion of cancellation {unknown}
Books
 b - a book of Air

   Spells                             Type                      Level
   a - Shock                          Conjuration/Air              1
   b - Swiftness                      Charms/Air                   2
   c - Repel Missiles                 Charms/Air                   2
   d - Static Discharge               Conjuration/Air              3
   e - Lightning Bolt                 Conjuration/Air              5
 z - a book of the Dragon

   Spells                             Type                      Level
   a - Flame Tongue                   Conjuration/Fire             1
   b - Cause Fear                     Hexes                        4
   c - Bolt of Fire                   Conjuration/Fire             6
   d - Dragon Form                    Transmutation                7
   e - Dragon's Call                  Summoning                    9
 I - a book of Annihilations

   Spells                             Type                      Level
   a - Poison Arrow                   Conjuration/Poison           6
   b - Chain Lightning                Conjuration/Air              8
   c - Lehudib's Crystal Spear        Conjuration/Earth            8
   d - Glaciate                       Conjuration/Ice              9
   e - Fire Storm                     Conjuration/Fire             9
 P - a book of Maledictions

   Spells                             Type                      Level
   a - Corona                         Hexes                        1
   b - Ensorcelled Hibernation        Hexes/Ice                    2
   c - Confuse                        Hexes                        3
   d - Tukima's Dance                 Hexes                        3
   e - Dazzling Spray                 Conjuration/Hexes            3
Comestibles
 n - 2 beef jerkies
 o - 2 meat rations
 t - 7 fruits
 A - 3 bread rations
 N - a slice of pizza
 S - 10 royal jellies
 U - 6 chunks of flesh


   Skills:
 + Level 6.4 Dodging
 - Level 2.2 Stealth
 * Level 9.2 Spellcasting
 * Level 9.0 Conjurations
 * Level 10.3 Air Magic
 + Level 1.2 Invocations


You had 17 spell levels left.
You knew the following spells:

 Your Spells              Type           Power        Failure   Level  Hunger
a - Shock                 Conj/Air       ####         1%          1    None
b - Swiftness             Chrm/Air       #####...     1%          2    None
c - Repel Missiles        Chrm/Air       #####.       1%          2    None
d - Lightning Bolt        Conj/Air       ######....   2%          5    ####...


Dungeon Overview and Level Annotations

Branches:
Dungeon (9/15)             Temple (1/1) D:4            Lair (0/8) D:9
    Orc: D:9-12

Altars:
Ashenzari
Cheibriados
Dithmenos
Elyvilon
Fedhas
Gozag
Makhleb
Nemelex Xobeh
Okawaru
Pakellas
Qazlal
Ru
Sif Muna
Trog
Vehumet
Xom
Yredelemnul
Zin
The Shining One

Shops:
D:8 *

Annotations:
D:3 Grinder


Innate Abilities, Weirdness & Mutations

You are surrounded by a mild repulsion field (EV +2).
You have supernaturally acute eyesight.
You are clumsy. (Dex -2)
You are frail (-10% HP).
You are weak. (Str -2)


Message History

The killer bee zombie hits you.
* * * LOW HITPOINT WARNING * * *
The yak completely misses you. The killer bee zombie misses you.
Unknown command.
Unknown command.
Unknown command.
You feel sick.
The killer bee zombie closely misses you.
The yak barely misses you. The killer bee zombie misses you.
Unknown command.
The killer bee zombie hits you.
* * * LOW HITPOINT WARNING * * *
The yak closely misses you.
Unknown command.
The killer bee zombie hits you.
* * * LOW HITPOINT WARNING * * *
The sheep misses you.
The killer bee zombie barely misses you.
The yak gores you.
You die...

#.........#.###.#
#.........#.#...#
#.........#.a.###
+.........###...#
#........!# ##'##
####'###### #.t#
#.## ##.## #YY#
#..## ##@# ##..#
##Z#### ##.## #
#.....# #..###
...##.....#
##.[.# #........#
###.# ####.....#
#.# #. #.....#
#.# .. ####.##
#.# #. #).# #..


You could see a yak, a sheep and a killer bee zombie.

Vanquished Creatures
  Pikel (D:7)
  Joseph (D:7)
  An elephant (D:9)
  A gargoyle (D:8)
  A wyvern (D:8)
  2 hippogriffs
  2 humans (D:7)
  A steam dragon (D:9)
  Menkaure (D:7)
  A water moccasin (D:9)
  An ice beast (D:8)
  An orc warrior (D:9)
  A wasp (D:8)
  3 slaves (D:7)
  2 phantoms (D:4)
  2 centaurs
  4 ogres
  2 giant frogs
  2 scorpions
  A water moccasin skeleton (D:8)
  3 wights (D:7)
  2 howler monkeys
  A crimson imp (D:7)
  A quasit (D:8)
  3 centaur zombies
  A giant frog skeleton (D:7)
  A hound (D:8)
  6 jellies
  2 gnoll shamans
  3 orc priests
  An orc wizard (D:5)
  5 worker ants
  2 hound skeletons
  2 worker ant zombies
  11 gnolls
  11 adders
  2 shadow imps
  5 oozes (D:8)
  4 worms
  A dart slug (D:1)
  7 giant geckos
  18 orcs
  11 giant cockroaches
  4 goblins
  6 hobgoblins
  2 jackals
  8 quokkas
  5 bats
  A giant gecko skeleton (D:4)
  6 giant newts
  7 kobolds
  7 rats
180 creatures vanquished.

Vanquished Creatures (others)
  A quasit (D:7)
1 creature vanquished.

Grand Total: 181 creatures vanquished

Notes
Turn   | Place    | Note
--------------------------------------------------------------
     0 | D:1      | barb4r1an the High Elf Air Elementalist began the quest for the Orb.
     0 | D:1      | Reached XP level 1. HP: 11/11 MP: 4/4
   640 | D:1      | Reached XP level 2. HP: 17/17 MP: 3/6
   663 | D:1      | Learned a level 2 spell: Swiftness
   830 | D:1      | Reached skill level 4 in Air Magic
  1225 | D:2      | Reached XP level 3. HP: 21/21 MP: 1/8
  1540 | D:2      | Found a stormy altar of Qazlal.
  1963 | D:2      | Learned a level 2 spell: Repel Missiles
  2184 | D:3      | Reached XP level 4. HP: 27/27 MP: 4/9
  2563 | D:3      | Noticed Grinder
  3358 | D:3      | Paralysed by Grinder for 7 turns
  3491 | D:2      | Reached XP level 5. HP: 20/31 MP: 7/11
  3767 | D:3      | Found a white marble altar of Elyvilon.
  4316 | D:4      | Learned a level 5 spell: Lightning Bolt
  4325 | D:4      | Reached skill level 5 in Air Magic
  4601 | D:4      | Noticed a phantom
  4704 | D:4      | Killed a phantom
  5010 | D:4      | Reached XP level 6. HP: 35/36 MP: 6/13
  5071 | D:4      | Noticed an orc warrior
  5502 | D:4      | Gained mutation: You are clumsy. (Dex -2) [potion of mutation]
  5502 | D:4      | Gained mutation: You are surrounded by a mild repulsion field (EV +2). [potion of mutation]
  5502 | D:4      | Gained mutation: You have supernaturally acute eyesight. [potion of mutation]
  5787 | D:4      | Found a staircase to the Ecumenical Temple.
  5796 | Temple   | Entered the Ecumenical Temple
  5943 | D:5      | Entered Level 5 of the Dungeon
  6108 | D:5      | Reached skill level 6 in Air Magic
  6108 | D:5      | Reached XP level 7. HP: 39/41 MP: 4/15
  6206 | D:5      | Reached skill level 5 in Spellcasting
  6754 | D:5      | Got a pitted mace
  6755 | D:5      | Identified the +7 mace of the Pits of Slime {crush, +Blink Int+4} (You found it on level 5 of the Dungeon)
  7270 | D:6      | Got a slimy leather armour
  7281 | D:6      | Identified the +2 leather armour of Mibe Pae {rC- Int+7} (You found it on level 6 of the Dungeon)
  7466 | D:6      | Reached skill level 5 in Conjurations
  7566 | D:6      | Found a glowing golden altar of the Shining One.
  7696 | D:6      | Reached skill level 7 in Air Magic
  7696 | D:6      | Reached XP level 8. HP: 46/46 MP: 11/17
  7790 | D:6      | Gained mutation: You are frail (-10% HP). [potion of mutation]
  7790 | D:6      | Gained mutation: You are weak. (Str -2) [potion of mutation]
  8249 | D:7      | Noticed Menkaure
  8251 | D:7      | Killed Menkaure
  8447 | D:7      | Found a deep blue altar of Sif Muna.
  8543 | D:7      | Noticed Joseph
  8933 | D:7      | Killed Joseph
  8933 | D:7      | Reached skill level 5 in Dodging
  8933 | D:7      | Reached skill level 8 in Air Magic
  9008 | D:7      | Reached XP level 9. HP: 44/45 MP: 3/20
  9144 | D:7      | Found an iron altar of Okawaru.
  9567 | D:7      | Noticed Pikel
  9569 | D:7      | Killed Pikel
  9569 | D:7      | Reached skill level 9 in Air Magic
  9927 | D:7      | Became a worshipper of Sif Muna the Loreminder
 10100 | D:8      | Found a burning altar of Makhleb.
 10114 | D:8      | Found a basalt altar of Yredelemnul.
 10118 | D:8      | Found a snail-covered altar of Cheibriados.
 10121 | D:8      | Found a radiant altar of Vehumet.
 10204 | D:8      | Found Wopuo's Assorted Antiques.
 10245 | D:8      | Noticed a gargoyle
 10253 | D:8      | Killed a gargoyle
 10253 | D:8      | Reached * piety under Sif Muna
 10583 | D:8      | Reached XP level 10. HP: 50/50 MP: 16/23
 10594 | D:8      | Bought a wizard robe for 182 gold pieces
 10604 | D:8      | Identified the +0 robe "Qeonuj" {+Blink rN+ Dex+5} (You bought it in a shop on level 8 of the Dungeon)
 10649 | D:8      | Reached skill level 10 in Air Magic
 10693 | D:8      | Found a flagged portal.
 11294 | D:9      | Found a staircase to the Lair.
 11294 | D:9      | Noticed an elephant
 11304 | D:9      | Killed an elephant
 11304 | D:9      | Reached skill level 1 in Invocations
 11352 | D:9      | Slain by a yak

Skill      XL: |  1  2  3  4  5  6  7  8  9 10 |
---------------+-------------------------------+-----
Air Magic      | 4 5 6 7 8 9 10 | 10.3
Spellcasting   | 3 4 5 7 8 9 |  9.2
Conjurations   | 2 3 4 5 6 8 9 |  9.0
Dodging        | 3 4 5 6 |  6.4
Invocations    | 1 |  1.2
Stealth        | |  2.2

Action                   |  1- 3 |  4- 6 |  7- 9 | 10-12 || total
-------------------------+-------+-------+-------+-------++-------
Melee: Short sword       |     8 |    10 |       |       ||    18
       Mace              |       |       |     1 |       ||     1
 Cast: Shock             |    92 |   172 |   220 |    31 ||   515
       Repel Missiles    |     1 |       |       |       ||     1
       Lightning Bolt    |       |       |    36 |    24 ||    60
  Use: Scroll            |       |     7 |     2 |       ||     9
       Potion            |       |     1 |     1 |       ||     2
  Eat: Chunk             |     4 |     3 |     6 |     2 ||    15
       Bread ration      |       |     2 |       |       ||     2
       Royal jelly       |       |       |     1 |       ||     1
       Meat ration       |       |       |     2 |     1 ||     3
Armor: Robe              |     8 |     7 |       |     3 ||    18
       Leather armour    |       |       |    11 |       ||    11
Dodge: Dodged            |    18 |    33 |    50 |    32 ||   133
       Deflected         |       |     2 |     8 |       ||    10
